[Event "Titled Tuesday Blitz November 22 Late 2022"]
[White "Ghazarian, Kirk"]
[Black "Haszon, David"]
[WhiteFideId "30908604"]
[BlackFideId "733610"]
[WhiteElo "2346"]
[BlackElo "2211"]
[Result "0-1"]
[Round "01"]
[TimeControl "180+1"]
[Date "2022.11.23"]
[WhiteClock "0:00:03"]
[BlackClock "0:00:21"]

1. d4 g6 2. c4 Bg7 3. h4 c5 4. d5 b5 5. cxb5 a6 6. bxa6 Bxa6 7. h5 d6 8. h6 Bf6 9. e4 Bxf1 10. Kxf1 Qb6 11. Nc3 Nd7 12. Nge2 Ne5 13. b3 c4 14. Rb1 Ng4 15. Qe1 cxb3 16. Rxb3 Qc5 17. Rh3 e6 18. dxe6 fxe6 19. Kg1 Ne7 20. Rg3 Ne5 21. Be3 Qc6 22. Nd4 Qd7 23. Qb1 O-O 24. Rb7 Qc8 25. Nce2 N7c6 26. Nxc6 Qxc6 27. Nd4 Qc4 28. Qb3 Rxa2 29. Qxc4 Nxc4 30. Nxe6 Re8 31. Nc7 Rf8 32. Nd5 Ra1+ 33. Kh2 Be5 34. f4 Nxe3 35. Rxe3 Rxf4 36. Ne7+ Kf8 37. g3 Rf2+ 38. Kh3 Rf7 39. Nxg6+ hxg6 40. Rb8+ Ke7 41. Rb7+ Ke6 42. Rb8 Rh7 43. Kg4 Rxh6 44. Rf3 Rh7 45. Re8+ Re7 46. Rg8 Ra4 47. Rxg6+ Kd7 48. Re3 Bd4 49. Re2 Be5 50. Kf5 Rf7+ 51. Kg4 Ra3 52. Kh4 Rh7+ 53. Kg5 Rxg3+ 54. Kf5 Rf7+ 0-1


[Site "https://www.chess.com"]

[Event "Titled Tuesday Blitz November 22 Late 2022"]
[White "Goncalves, Davi Sulzbacher"]
[Black "Sarana, Alexey"]
[WhiteFideId "2154510"]
[BlackFideId "24133795"]
[WhiteElo "2182"]
[BlackElo "2708"]
[Result "0-1"]
[Round "01"]
[TimeControl "180+1"]
[Date "2022.11.22"]
[WhiteClock "0:00:04"]
[BlackClock "0:00:53"]

1. Nf3 d5 2. g3 g6 3. Bg2 Bg7 4. O-O e5 5. c4 dxc4 6. Na3 Nc6 7. Nxc4 Nge7 8. d3 O-O 9. Bd2 h6 10. Bc3 f6 11. d4 Be6 12. Ne3 e4 13. Nd2 f5 14. Nb3 b6 15. Rc1 Nd5 16. Bd2 Nxe3 17. Bxe3 Ne7 18. Qd2 Kh7 19. Rfd1 Nd5 20. Bf4 Qd7 21. h4 a5 22. Be5 a4 23. Bxg7 Qxg7 24. Na1 Rfd8 25. e3 a3 26. b3 c5 27. Nc2 Rd7 28. Bf1 g5 29. Bb5 Rd6 30. hxg5 Qxg5 31. Kg2 f4 32. Rh1 Rg8 33. exf4 Nxf4+ 34. Kf1 Bh3+ 35. Ke1 Ng2+ 36. Kd1 Bg4+ 37. Be2 e3 38. fxe3 cxd4 39. Bxg4 dxe3 40. Qxd6 Qxg4# 0-1


[Site "https://www.chess.com"]

[Event "Titled Tuesday Blitz November 22 Late 2022"]
[White "Gonzalez, Francisco Silva"]
[Black "Tang, Andrew"]
[WhiteFideId "1512285"]
[BlackFideId "2059630"]
[WhiteElo "2159"]
[BlackElo "2581"]
[Result "0-1"]
[Round "01"]
[TimeControl "180+1"]
[Date "2022.11.23"]
[WhiteClock "0:00:53"]
[BlackClock "0:00:38"]

1. d4 d5 2. c4 e6 3. Nc3 Be7 4. cxd5 exd5 5. Qb3 c6 6. e4 dxe4 7. Bc4 Qxd4 8. Bxf7+ Kf8 9. Nge2 Qb4 10. Nf4 Nf6 11. O-O Qxb3 12. Bxb3 Na6 13. Be3 Nc5 14. Bxc5 Bxc5 15. h4 Bf5 16. Rad1 Ke7 17. Rfe1 Rad8 18. Na4 Rxd1 19. Rxd1 Bd6 20. Ne2 Rd8 21. Nd4 Bg4 22. f3 exf3 23. gxf3 Bc8 24. Kf1 Be5 25. Re1 Rxd4 26. Rxe5+ Kd6 27. Rg5 g6 28. Nc5 Rxh4 29. Nd3 Bf5 30. Nf2 Ke5 31. Ke2 Nh5 32. Ke3 a5 33. a4 Rb4 34. Nd3+ Kf6 35. Rxf5+ Kxf5 36. Nxb4 axb4 37. Bg8 Nf6 38. Bc4 h5 39. a5 g5 40. Be2 Ke5 41. f4+ gxf4+ 42. Kf3 h4 43. Bf1 Ne4 44. Kg4 Nd2 45. Bd3 f3 46. a6 bxa6 47. Kxh4 f2 48. Kg3 f1=Q 49. Bxa6 Qxa6 50. Kf2 c5 51. Ke3 Ne4 52. b3 c4 53. Ke2 cxb3+ 54. Ke3 b2 55. Kf3 b1=B 56. Kg4 b3 57. Kh4 b2 58. Kh5 Bd3 59. Kh4 b1=Q 60. Kh3 Qh1+ 61. Kg4 Qh4+ 62. Kf3 Qf4+ 63. Kg2 Qg6+ 64. Kh1 Qh2+ 65. Kxh2 Qg2+ 0-1


[Site "https://www.chess.com"]

[Event "Titled Tuesday Blitz November 22 Late 2022"]
[White "Gorodetzky, David"]
[Black "Aguilar, Juan"]
[WhiteFideId "2813416"]
[BlackFideId "3800091"]
[WhiteElo "2497"]
[BlackElo "2470"]
[Result "0-1"]
[Round "01"]
[TimeControl "180+1"]
[Date "2022.11.23"]
[WhiteClock "0:00:06"]
[BlackClock "0:00:14"]

1. e4 c5 2. Nf3 d6 3. Bb5+ Bd7 4. Bxd7+ Qxd7 5. O-O Nc6 6. c3 Nf6 7. Re1 e6 8. d4 cxd4 9. cxd4 d5 10. e5 Ne4 11. Nbd2 Nxd2 12. Bxd2 Bb4 13. Re3 O-O 14. Bxb4 Nxb4 15. a3 Nc6 16. h4 Rfc8 17. h5 h6 18. Nh2 Ne7 19. Ng4 Nf5 20. Rd3 Qd8 21. b3 Rc6 22. Rc1 Rac8 23. Rxc6 Rxc6 24. Qd2 Qc7 25. g3 Rc1+ 26. Kg2 Rc2 27. Qf4 Qa5 28. Ne3 Nxe3+ 29. Rxe3 Qd2 30. g4 Rc1 31. g5 hxg5 32. Qxg5 Qd1 33. Qh4 Qg1+ 34. Kf3 Rd1 35. h6 gxh6 36. Ke2 Qe1+ 37. Kf3 Qg1 38. Ke2 Re1+ 39. Kd3 Rxe3+ 40. fxe3 Qb1+ 41. Kc3 Qc1+ 42. Kb4 Qxe3 43. Qd8+ Kh7 0-1


[Site "https://www.chess.com"]

[Event "Titled Tuesday Blitz November 22 Late 2022"]
[White "Grot, Blazej"]
[Black "Daggupati, Balaji"]
[WhiteFideId "21835845"]
[BlackFideId "2090759"]
[WhiteElo "1822"]
[BlackElo "2688"]
[Result "1/2-1/2"]
[Round "01"]
[TimeControl "180+1"]
[Date "2022.11.23"]
[WhiteClock "0:00:06"]
[BlackClock "0:00:06"]

1. e4 c5 2. Nc3 Nc6 3. Bb5 Nd4 4. Nf3 e6 5. Nxd4 cxd4 6. Ne2 g6 7. O-O Bg7 8. d3 Ne7 9. Bc4 O-O 10. Bb3 d5 11. f4 dxe4 12. dxe4 b6 13. Bc4 Bb7 14. Bd3 Rc8 15. Qe1 f5 16. exf5 exf5 17. Qf2 Re8 18. Bd2 Nd5 19. Nxd4 Nxf4 20. Qxf4 Qxd4+ 21. Kh1 Qxf4 22. Bxf4 Bxb2 23. Rae1 Bc3 24. Rxe8+ Rxe8 25. Kg1 Bd4+ 26. Kh1 Kg7 27. h3 Bd5 28. a4 h6 29. Bb5 Re4 30. Bb8 a5 31. Rd1 Be5 32. Bxe5+ Rxe5 33. c4 Be4 34. Rd7+ Kf8 35. Rd6 f4 36. Rxb6 Rg5 37. Bc6 Bc2 38. Bd5 Rf5 39. Rxg6 Rxd5 40. Rf6+ Ke7 41. Rxf4 Rd1+ 42. Kh2 Bxa4 43. Rh4 Rd6 44. c5 Rc6 45. Rxa4 Rxc5 46. Kg3 Kd6 47. Kf4 Kc6 48. g4 Kb5 49. Ra1 a4 50. h4 Rc4+ 51. Kf5 Kb4 52. g5 hxg5 53. hxg5 Kb3 54. g6 Kb2 55. Rxa4 Rxa4 56. g7 Ra8 57. Kf6 Kc3 58. Kf7 Kd4 59. g8=Q Rxg8 60. Kxg8 1/2-1/2


[Site "https://www.chess.com"]

[Event "Titled Tuesday Blitz November 22 Late 2022"]
[White "Gurevich, Dmitry"]
[Black "chess50years"]
[WhiteFideId "2000407"]
[WhiteElo "2506"]
[BlackElo "2063"]
[Result "1-0"]
[Round "01"]
[TimeControl "180+1"]
[Date "2022.11.23"]
[WhiteClock "0:00:51"]
[BlackClock "0:00:18"]

1. d4 Nf6 2. c4 e6 3. Nf3 Bb4+ 4. Bd2 a5 5. Nc3 O-O 6. g3 Bxc3 7. Bxc3 Ne4 8. Rc1 d6 9. Bg2 Qe7 10. O-O Nxc3 11. Rxc3 e5 12. e4 Bg4 13. d5 Nd7 14. Qc2 Bxf3 15. Rxf3 b6 16. b3 h6 17. Bh3 g6 18. Re3 Rae8 19. f4 exf4 20. gxf4 Nc5 21. e5 Qh4 22. Qg2 Kh7 23. Qg3 Qxg3+ 24. hxg3 g5 25. Rfe1 Kg7 26. Kg2 Na6 27. Kf3 Nb4 28. R1e2 Ra8 29. Bf5 a4 30. a3 Na6 31. b4 Rad8 32. fxg5 hxg5 33. Kg4 Rh8 34. Kxg5 Rh1 35. Re1 Rdh8 36. Rxh1 Rxh1 37. e6 fxe6 38. dxe6 Rh8 39. e7 1-0


[Site "https://www.chess.com"]

[Event "Titled Tuesday Blitz November 22 Late 2022"]
[White "Gutkin, Ilya"]
[Black "Kanakaris, Georgios"]
[WhiteFideId "16203470"]
[BlackFideId "4209460"]
[WhiteElo "2265"]
[BlackElo "2291"]
[Result "1-0"]
[Round "01"]
[TimeControl "180+1"]
[Date "2022.11.23"]
[WhiteClock "0:00:08"]
[BlackClock "0:00:48"]

1. Nf3 Nf6 2. g3 g6 3. b3 Bg7 4. Bb2 O-O 5. Bg2 d6 6. d4 Nc6 7. O-O Bg4 8. Nbd2 Qd7 9. Re1 Rad8 10. c4 Rfe8 11. Qc2 Qc8 12. d5 Nb4 13. Qc1 a5 14. Bc3 b6 15. Nd4 Bh3 16. a3 Bxg2 17. Kxg2 Na6 18. Nc6 Rd7 19. b4 Nb8 20. Nxb8 Qxb8 21. bxa5 bxa5 22. Bxa5 Nxd5 23. cxd5 Bxa1 24. Qxa1 Qa8 25. Bc3 Qxd5+ 26. Nf3 Ra8 27. Bb2 c5 28. Qc1 Rb7 29. Qc3 f6 30. Bc1 Rb3 31. Qc2 Rab8 32. Rd1 Qc6 33. Qc4+ Kg7 34. Kg1 R8b7 35. Nd4 Qb6 36. Nxb3 Qxb3 37. Qxb3 Rxb3 38. Rd3 Rb1 39. Rc3 Ra1 40. e4 f5 41. f3 fxe4 42. fxe4 Kf6 43. Kf2 Ke5 44. Rc4 Ra2+ 45. Ke3 e6 46. Kf3 g5 47. a4 d5 48. exd5 Kxd5 49. Rg4 h6 50. Be3 e5 51. h4 c4 52. hxg5 hxg5 53. Rxg5 c3 54. Bf4 Rxa4 55. Rxe5+ Kd4 56. Re4+ Kd3 57. Rxa4 c2 58. Ra8 1-0


[Site "https://www.chess.com"]

[Event "Titled Tuesday Blitz November 22 Late 2022"]
[White "Haydon, David L"]
[Black "Arnold, Ken"]
[WhiteFideId "415405"]
[BlackFideId "2056836"]
[WhiteElo "2317"]
[BlackElo "2347"]
[Result "0-1"]
[Round "01"]
[TimeControl "180+1"]
[Date "2022.11.23"]
[WhiteClock "0:01:23"]
[BlackClock "0:01:03"]

1. e4 c6 2. d4 d5 3. Nd2 dxe4 4. Nxe4 Nf6 5. Ng3 h5 6. h4 Qc7 7. N1e2 e6 8. Bf4 Bd6 9. Qd2 b6 10. Bxd6 Qxd6 11. Qg5 Nbd7 12. O-O-O g6 13. f3 Bb7 14. Ne4 Nxe4 15. fxe4 Qe7 16. Qe3 O-O-O 17. Nc3 c5 18. Bb5 cxd4 19. Rxd4 Nc5 20. b4 Na6 21. Rhd1 Rxd4 22. Qxd4 Rd8 23. Qc4+ Nc7 24. Rxd8+ Qxd8 25. g3 Kb8 26. Bc6 Qd6 27. Bxb7 Kxb7 28. a4 Qxg3 29. a5 Qxh4 30. a6+ Nxa6 31. Nb5 Qe7 32. e5 Qg5+ 33. Kb1 Qxe5 34. Nd4 Qe1+ 35. Ka2 Nxb4+ 36. Ka3 a5 37. Nb5 Qa1+ 0-1


[Site "https://www.chess.com"]

[Event "Titled Tuesday Blitz November 22 Late 2022"]
[White "Ibadov, Dashgyn"]
[Black "Shimanov, Aleksandr"]
[WhiteFideId "24107514"]
[BlackFideId "4198603"]
[WhiteElo "2208"]
[BlackElo "2605"]
[Result "0-1"]
[Round "01"]
[TimeControl "180+1"]
[Date "2022.11.23"]
[WhiteClock "0:00:11"]
[BlackClock "0:00:17"]

1. e4 e6 2. d4 d5 3. Nc3 Nf6 4. e5 Nfd7 5. Nce2 c5 6. c3 cxd4 7. cxd4 f6 8. exf6 Nxf6 9. Nf3 Bd6 10. g3 O-O 11. Bg2 Nc6 12. O-O Bd7 13. Bf4 Be8 14. Bxd6 Qxd6 15. Nf4 Ne4 16. Nd3 Bh5 17. Nf4 Rxf4 18. gxf4 Qxf4 19. Qd3 Rf8 20. Ne5 Nxe5 21. dxe5 Qxe5 22. Rae1 Qxb2 23. Bxe4 dxe4 24. Qxe4 Rf6 25. Re3 Be8 26. Rg3 Bc6 27. Qg4 Rg6 28. Qf4 Rf6 29. Qc7 Rf8 30. Qd6 Bd5 31. a3 h6 32. h3 Qd4 33. Rg4 Qf6 34. Kh2 b6 35. Qg3 Kh7 36. h4 Rf7 37. Qc3 Qxc3 0-1


[Site "https://www.chess.com"]

[Event "Titled Tuesday Blitz November 22 Late 2022"]
[White "Janaszak, Dawid"]
[Black "Bortnyk, Olexandr"]
[WhiteFideId "1119206"]
[BlackFideId "14120828"]
[WhiteElo "2226"]
[BlackElo "2723"]
[Result "0-1"]
[Round "01"]
[TimeControl "180+1"]
[Date "2022.11.22"]
[WhiteClock "0:00:13"]
[BlackClock "0:01:26"]

1. e4 Nf6 2. e5 Nd5 3. d4 d6 4. Nf3 dxe5 5. Nxe5 c6 6. Be2 Bf5 7. O-O Nd7 8. f4 Nxe5 9. fxe5 e6 10. Bd3 Bg6 11. Nc3 Qh4 12. Ne2 O-O-O 13. c4 Nb4 14. Bxg6 hxg6 15. Bf4 g5 16. Bg3 Qe4 17. Rc1 Bc5 18. Bf2 Nd3 19. Ng3 Qh4 20. dxc5 Qxh2# 0-1


[Site "https://www.chess.com"]

[Event "Titled Tuesday Blitz November 22 Late 2022"]
[White "Jaracz, Pawel"]
[Black "Fernandez Siles, Luis"]
[WhiteFideId "1102222"]
[BlackFideId "2209420"]
[WhiteElo "2459"]
[BlackElo "2186"]
[Result "1-0"]
[Round "01"]
[TimeControl "180+1"]
[Date "2022.11.23"]
[WhiteClock "0:00:13"]
[BlackClock "0:00:01"]

1. d4 Nf6 2. c4 g6 3. Nc3 Bg7 4. e4 d6 5. Nf3 O-O 6. Be2 c5 7. O-O Nc6 8. d5 Na5 9. h3 e5 10. a3 b6 11. b4 Nb7 12. Ne1 Nd7 13. Nd3 f5 14. Bd2 Nf6 15. bxc5 Nxc5 16. Nxc5 bxc5 17. Bf3 f4 18. Rb1 g5 19. Kh2 a6 20. g4 h5 21. Rg1 hxg4 22. Bxg4 Nxg4+ 23. hxg4 f3 24. Rg3 Qf6 25. Be3 Ra7 26. Qd2 Bh6 27. Rb6 Rh7 28. Kg1 Kg7 29. Bxc5 Rd8 30. Bb4 Kg8 31. c5 Bf8 32. cxd6 Qh6 33. Kf1 Qh1+ 34. Rg1 Bxg4 35. Qxg5+ Kh8 36. Qxg4 Qh6 37. Qg5 Qh3+ 38. Ke1 Rg7 39. Qxd8 Rxg1+ 40. Kd2 Rg8 41. Qf6+ Bg7 42. Qf5 Qh6+ 43. Kd3 Qc1 44. Qxf3 1-0


[Site "https://www.chess.com"]

[Event "Titled Tuesday Blitz November 22 Late 2022"]
[White "Jarmula, Lukasz"]
[Black "Rose, Felix"]
[WhiteFideId "1160664"]
[BlackFideId "5105722"]
[WhiteElo "2357"]
[BlackElo "2039"]
[Result "1-0"]
[Round "01"]
[TimeControl "180+1"]
[Date "2022.11.23"]
[WhiteClock "0:01:29"]
[BlackClock "0:00:23"]

1. e4 e5 2. Nf3 Nc6 3. Bb5 a6 4. Ba4 Nf6 5. O-O Be7 6. Re1 b5 7. Bb3 d6 8. c3 O-O 9. h3 Nb8 10. d4 Nbd7 11. Nbd2 Bb7 12. Bc2 Re8 13. Nf1 Bf8 14. Ng3 g6 15. a4 c5 16. d5 c4 17. Bg5 h6 18. Be3 Qc7 19. Qd2 Kh7 20. Nh4 Nc5 21. f3 bxa4 22. Bxa4 Nxa4 23. Rxa4 a5 24. Rea1 Nd7 25. Nhf5 gxf5 26. Nxf5 Nc5 27. Bxh6 f6 28. Bxf8 Rxf8 29. Rxc4 Kg8 30. Kh2 Nb3 31. Rxc7 Nxd2 32. Rxb7 Rf7 33. Nh6+ 1-0


[Site "https://www.chess.com"]

[Event "Titled Tuesday Blitz November 22 Late 2022"]
[White "Javakhadze, Zurab"]
[Black "Bach, Matthias"]
[WhiteFideId "13603647"]
[BlackFideId "4603168"]
[WhiteElo "2381"]
[BlackElo "2165"]
[Result "1/2-1/2"]
[Round "01"]
[TimeControl "180+1"]
[Date "2022.11.23"]
[WhiteClock "0:00:12"]
[BlackClock "0:00:39"]

1. d4 Nf6 2. c4 c5 3. d5 e6 4. Nc3 exd5 5. cxd5 d6 6. Nf3 g6 7. Nd2 Nbd7 8. e4 Bg7 9. Be2 O-O 10. O-O Re8 11. a4 a6 12. Ra3 Qc7 13. a5 b5 14. axb6 Nxb6 15. Re1 c4 16. Bf1 Bd7 17. Nf3 Bb5 18. Nd4 Qd7 19. Ncxb5 axb5 20. Rxa8 Rxa8 21. Nc6 Qc7 22. h3 Nfd7 23. Qc2 Ne5 24. Nd4 Qc5 25. Be3 Qb4 26. Rb1 Na4 27. b3 cxb3 28. Rxb3 Qe1 29. Rb1 Qc3 30. Rxb5 Qxc2 31. Nxc2 Nc3 32. Rb4 Ra1 33. Rb8+ Bf8 34. Nd4 Nxe4 35. Bh6 Nd7 36. Rd8 Nef6 37. Nc6 Nxd5 38. g3 f6 39. Kg2 Kf7 40. Rxd7+ Ke6 41. Rd8 Bxh6 42. Bc4 Rd1 43. Nb4 Ke7 44. Nc6+ Ke6 45. Nb4 Ke7 46. Nc6+ Ke6 1/2-1/2


[Site "https://www.chess.com"]

[Event "Titled Tuesday Blitz November 22 Late 2022"]
[White "Jeet, Jain"]
[Black "Firouzja, Alireza"]
[WhiteFideId "5073022"]
[BlackFideId "12573981"]
[WhiteElo "2067"]
[BlackElo "2903"]
[Result "0-1"]
[Round "01"]
[TimeControl "180+1"]
[Date "2022.11.22"]
[WhiteClock "0:00:14"]
[BlackClock "0:02:37"]

1. Nf3 Nf6 2. b3 g6 3. Bb2 Bg7 4. g3 O-O 5. Bg2 d6 6. O-O Nbd7 7. d4 c6 8. c4 Re8 9. Nc3 e5 10. dxe5 dxe5 11. e4 Qc7 12. Ba3 Bf8 13. Bxf8 Nxf8 14. Qd2 Bg4 15. Rad1 Ne6 16. h3 Bxf3 17. Bxf3 Rad8 18. Qb2 Nd4 19. Bg2 Qa5 20. Ne2 c5 21. Kh2 Nxe2 22. Qxe2 Kg7 23. f4 Rxd1 24. Qxd1 Qc7 25. f5 g5 26. Qd2 h6 27. Rd1 Re7 28. Qd6 Qxd6 29. Rxd6 Rd7 30. Rxd7 Nxd7 31. g4 Kf8 32. Kg3 Ke7 33. Kf3 f6 34. Ke3 Nb8 35. Bf3 Nc6 36. Bd1 Kd6 37. a3 Kc7 38. Kd3 Kb6 39. Kc3 Ka5 40. a4 Nd4 41. Bc2 Ne2+ 42. Kd3 Nf4+ 43. Kc3 Nxh3 44. Bd1 Nf2 45. Bf3 b6 46. Kd2 Kb4 47. Ke3 Nh3 48. Bd1 Kc3 49. Ke2 Nf4+ 50. Kf3 Nd3 51. Ke3 Nb2 0-1


[Site "https://www.chess.com"]

[Event "Titled Tuesday Blitz November 22 Late 2022"]
[White "Jegorovas, Aleksandras"]
[Black "Naroditsky, Daniel"]
[WhiteFideId "12801950"]
[BlackFideId "2026961"]
[WhiteElo "2247"]
[BlackElo "2628"]
[Result "0-1"]
[Round "01"]
[TimeControl "180+1"]
[Date "2022.11.22"]
[WhiteClock "0:00:03"]
[BlackClock "0:00:13"]

1. Nf3 Nf6 2. c4 g6 3. Nc3 Bg7 4. e4 d6 5. d4 O-O 6. Be2 e5 7. O-O exd4 8. Nxd4 Re8 9. f3 c6 10. Kh1 Nbd7 11. Bg5 Qb6 12. Nb3 a5 13. Qd2 a4 14. Be3 Qc7 15. Nd4 Nc5 16. Rad1 Nfd7 17. Nc2 Bf8 18. Bf4 Ne5 19. Ne3 Qb6 20. Bg3 Bg7 21. Bf2 Qb4 22. Qxd6 Qxb2 23. Qxc5 Qxc3 24. Be1 Qb2 25. Rd2 Nd7 26. Rxb2 Nxc5 27. Rb1 f5 28. Bb4 Na6 29. Bd6 fxe4 30. c5 exf3 31. Rxf3 Bd4 32. Bc4+ Be6 33. Bxe6+ Rxe6 34. Ng4 h5 35. Nh6+ Kg7 36. Bf4 Nxc5 37. h4 Rae8 38. Rd1 Re1+ 39. Rxe1 Rxe1+ 40. Kh2 Bf6 41. Bg5 Re6 42. Rc3 Bxc3 0-1


[Site "https://www.chess.com"]

[Event "Titled Tuesday Blitz November 22 Late 2022"]
[White "Jimenez Almeida, Luis David"]
[Black "Abdrlauf, Elham"]
[WhiteFideId "22242244"]
[BlackFideId "1533533"]
[WhiteElo "2158"]
[BlackElo "2447"]
[Result "1-0"]
[Round "01"]
[TimeControl "180+1"]
[Date "2022.11.23"]
[WhiteClock "0:00:05"]
[BlackClock "0:00:01"]

1. e4 c6 2. Nc3 d5 3. Qf3 dxe4 4. Nxe4 Nf6 5. Nxf6+ exf6 6. Bc4 Bd6 7. Ne2 O-O 8. d4 Nd7 9. O-O Re8 10. c3 Nf8 11. Bf4 Ng6 12. Bg3 Be6 13. Bxe6 fxe6 14. Rfe1 Qd7 15. h4 Ne7 16. Bxd6 Qxd6 17. Nf4 Nd5 18. Nd3 Re7 19. Re2 Rae8 20. Rae1 Nc7 21. h5 Qd5 22. Qh3 Qxa2 23. h6 Qd5 24. hxg7 Kxg7 25. Re3 Kh8 26. Rf3 Qg5 27. Rg3 Qf5 28. Qh6 Rg8 29. Ree3 Reg7 30. Rxg7 Rxg7 31. Kf1 Nd5 32. Rf3 Qg5 33. Qh3 f5 34. Kg1 Qd2 35. Qh4 Qg5 36. Qh3 Rg6 37. Ne5 Qc1+ 38. Kh2 Rg7 39. Qh4 Ne7 40. Qf6 Kg8 41. Rg3 Ng6 42. Qd8+ Nf8 43. Rxg7+ Kxg7 44. Qe7+ Kh6 45. Qxf8+ Kg5 46. Qg7+ Kh4 47. Qxh7+ Kg5 48. Qg7+ Kh5 49. g4+ Kh4 50. Nf3# 1-0


[Site "https://www.chess.com"]

[Event "Titled Tuesday Blitz November 22 Late 2022"]
[White "Kalogeris, Ioannis"]
[Black "Chigaev, Maksim"]
[WhiteFideId "4239563"]
[BlackFideId "4108116"]
[WhiteElo "2312"]
[BlackElo "2541"]
[Result "0-1"]
[Round "01"]
[TimeControl "180+1"]
[Date "2022.11.22"]
[WhiteClock "0:01:24"]
[BlackClock "0:01:33"]

1. e4 c5 2. Nf3 e6 3. Nc3 Nc6 4. Bb5 Nd4 5. Nxd4 cxd4 6. Ne2 Qg5 7. Nxd4 Qc5 8. c3 e5 9. Qa4 exd4 10. cxd4 Qb4 11. O-O a6 12. Qxb4 Bxb4 13. Bc4 Ne7 14. d3 d5 15. exd5 b5 16. Bb3 Bb7 17. a3 Bd6 18. Re1 Kd7 0-1


[Site "https://www.chess.com"]

[Event "Titled Tuesday Blitz November 22 Late 2022"]
[White "Karas, Marek"]
[Black "Rustemov, Alexander"]
[WhiteFideId "14928558"]
[BlackFideId "4119002"]
[WhiteElo "2220"]
[BlackElo "2865"]
[Result "0-1"]
[Round "01"]
[TimeControl "180+1"]
[Date "2022.11.23"]
[WhiteClock "0:01:20"]
[BlackClock "0:01:42"]

1. d4 f5 2. Bg5 g6 3. Nc3 Bg7 4. e4 fxe4 5. Nxe4 d5 6. Nc5 b6 7. Nb3 Qd6 8. Nf3 Nf6 9. Be2 O-O 10. O-O Ne4 11. Bh4 c5 12. c3 Bf5 13. Bg3 Nxg3 14. hxg3 Nd7 15. Re1 e5 16. dxe5 Nxe5 17. Nxe5 Bxe5 18. Bf3 Rad8 19. Qd2 d4 20. cxd4 cxd4 21. Be4 d3 22. Bxf5 Rxf5 23. Rad1 Bf6 24. Re3 Rd5 25. Nc1 Bg5 26. f4 Bf6 27. Rxd3 Rxd3 28. Qxd3 Qc5+ 29. Kh2 Rxd3 30. Nxd3 Qc2 0-1


[Site "https://www.chess.com"]

[Event "Titled Tuesday Blitz November 22 Late 2022"]
[White "Kilic, Eray"]
[Black "Szyszylo, Rafal"]
[WhiteFideId "44517173"]
[BlackFideId "1109626"]
[WhiteElo "2328"]
[BlackElo "1981"]
[Result "1-0"]
[Round "01"]
[TimeControl "180+1"]
[Date "2022.11.23"]
[WhiteClock "0:01:39"]
[BlackClock "0:00:37"]

1. e4 d6 2. d4 Nf6 3. Nc3 g6 4. f4 Bg7 5. Nf3 O-O 6. Bd3 Na6 7. O-O c5 8. dxc5 Nxc5 9. Be3 Nxd3 10. Qxd3 a6 11. Rad1 Qc7 12. Bd4 Bg4 13. h3 Bxf3 14. Rxf3 e5 15. fxe5 dxe5 16. Bf2 Rad8 17. Qf1 Rxd1 18. Qxd1 Rd8 19. Qf1 Rd6 20. Kh1 h6 21. Bh4 g5 22. Bg3 Re6 23. Rd3 Nh5 24. Qf3 Rf6 25. Qxh5 Rf1+ 26. Kh2 b5 27. Qe2 Ra1 28. Nd5 Qd6 29. a3 Rb1 30. b3 Rb2 31. Qd2 Qe6 32. Qc1 Ra2 33. Nb4 1-0


[Site "https://www.chess.com"]

[Event "Titled Tuesday Blitz November 22 Late 2022"]
[White "Kirillov, Dmitry"]
[Black "Ibarra Jerez, Jose Carlos"]
[WhiteFideId "34180572"]
[BlackFideId "2226332"]
[WhiteElo "2095"]
[BlackElo "2638"]
[Result "0-1"]
[Round "01"]
[TimeControl "180+1"]
[Date "2022.11.22"]
[WhiteClock "0:00:08"]
[BlackClock "0:00:24"]

1. d4 Nf6 2. Nf3 g6 3. Bf4 Bg7 4. e3 O-O 5. h3 d6 6. Be2 c5 7. c4 cxd4 8. exd4 d5 9. Nc3 Nc6 10. O-O dxc4 11. Bxc4 Na5 12. Bd3 b6 13. Re1 Bb7 14. Rc1 a6 15. Qe2 e6 16. Rcd1 Nd5 17. Nxd5 Qxd5 18. b3 Rfd8 19. Bc7 Rdc8 20. Bxb6 Bf8 21. Be4 Qxe4 22. Qxe4 Bxe4 23. Rxe4 Nc6 24. Ree1 Nb4 25. Re2 Nd5 26. Ba5 Rab8 27. Ne5 Bd6 28. Nc4 Bf8 29. g3 Rc6 30. Kg2 Rbc8 31. f4 Bg7 32. Kf3 h5 33. Rc2 Ne7 34. Be1 Nf5 35. Bf2 Rd8 36. Rcd2 Ne7 37. g4 hxg4+ 38. hxg4 Nd5 39. Ne3 Nc3 40. Rc1 Rxd4 41. Rxd4 Bxd4 42. Nd1 Bf6 43. Nxc3 Rxc3+ 44. Rxc3 Bxc3 45. Ke4 f5+ 46. gxf5 gxf5+ 47. Kd3 Bb4 48. Kc4 Bd6 49. b4 Bxf4 50. a4 e5 51. b5 axb5+ 52. axb5 e4 53. Kd4 Kf7 54. b6 Ke6 55. Be3 Bxe3+ 56. Kxe3 Kd6 57. Kf4 Kc6 58. Ke3 Kxb6 59. Kf4 Kc5 60. Kxf5 e3 0-1


[Site "https://www.chess.com"]

[Event "Titled Tuesday Blitz November 22 Late 2022"]
[White "Kleiman, Jake"]
[Black "Rodriguez Santiago, Jaime"]
[WhiteFideId "2020041"]
[BlackFideId "3100898"]
[WhiteElo "2621"]
[BlackElo "2025"]
[Result "1-0"]
[Round "01"]
[TimeControl "180+1"]
[Date "2022.11.23"]
[WhiteClock "0:00:19"]
[BlackClock "0:00:45"]

1. e4 c6 2. Nc3 d5 3. Nf3 dxe4 4. Nxe4 Nf6 5. Qe2 Nxe4 6. Qxe4 Qa5 7. Bc4 Bf5 8. Qe2 Bxc2 9. Ne5 Bg6 10. h4 e6 11. h5 Bd6 12. f4 Bxe5 13. hxg6 Bxf4 14. Rxh7 O-O 15. Rh5 Qc7 16. gxf7+ Rxf7 17. Qxe6 Bg3+ 18. Kd1 Qd7 19. Rf5 1-0


[Site "https://www.chess.com"]

[Event "Titled Tuesday Blitz November 22 Late 2022"]
[White "Kollars, Dmitrij"]
[Black "Toniutti, Ezio"]
[WhiteFideId "12909572"]
[BlackFideId "113034"]
[WhiteElo "2584"]
[BlackElo "2215"]
[Result "1-0"]
[Round "01"]
[TimeControl "180+1"]
[Date "2022.11.22"]
[WhiteClock "0:00:15"]
[BlackClock "0:00:09"]

1. Nf3 d5 2. c4 c6 3. b3 Bf5 4. Bb2 e6 5. g3 Nf6 6. Bg2 h6 7. O-O Be7 8. d3 O-O 9. Nbd2 Nbd7 10. a3 Bh7 11. b4 a6 12. Qb3 Re8 13. Rac1 Bd6 14. Rfd1 Qe7 15. cxd5 exd5 16. Nd4 a5 17. Bc3 axb4 18. axb4 Bg6 19. Re1 Qd8 20. N2f3 Qb6 21. Qb2 Nf8 22. Nh4 Be5 23. f4 Bd6 24. h3 Nh5 25. Kh2 Qc7 26. Qd2 Ra3 27. Ndf5 Bxf5 28. Nxf5 Ne6 29. Bf3 g6 30. Nxd6 Qxd6 31. Bxh5 gxh5 32. f5 Ng5 33. h4 Ra2 34. Qxa2 Re3 35. Qa8+ 1-0


[Site "https://www.chess.com"]

[Event "Titled Tuesday Blitz November 22 Late 2022"]
[White "Kopylov, Alexander A."]
[Black "Alexikov, Alexander"]
[WhiteFideId "4164857"]
[BlackFideId "14103958"]
[WhiteElo "2436"]
[BlackElo "2222"]
[Result "1-0"]
[Round "01"]
[TimeControl "180+1"]
[Date "2022.11.23"]
[WhiteClock "0:00:14"]
[BlackClock "0:00:04"]

1. e4 c5 2. Nf3 d6 3. Bb5+ Nd7 4. O-O a6 5. Bxd7+ Bxd7 6. h3 g6 7. d4 Bg7 8. dxc5 dxc5 9. Nc3 Bc6 10. Be3 b6 11. Qe2 Qc7 12. Nd5 Qb7 13. a4 e6 14. Nc3 Qe7 15. Qc4 Nf6 16. Qb3 Qa7 17. Ne5 Bb7 18. Nc4 Nd7 19. Rfd1 Bc6 20. Rd6 Rc8 21. Rad1 Ke7 22. Bg5+ f6 23. Nxb6 c4 24. Qxc4 1-0


[Site "https://www.chess.com"]